 Dungeon Crawl Stone Soup version 0.27.1-3-gb3d3a73c9e (webtiles) character file.

Game seed: 15465236938052216764

95 khargal the Twirler (level 4, -2/34 HPs)
             Began as a Demonspawn Gladiator on Oct 19, 2021.
             Hit by a boomerang thrown by an orc (5 damage)
             ... on level 3 of the Dungeon.
             The game lasted 00:02:26 (2360 turns).

khargal the Twirler (Demonspawn Gladiator)          Turns: 2360, Time: 00:02:26

Health: -2/34      AC:  3    Str: 15    XL:     4   Next: 39%
Magic:  4/4        EV: 12    Int:  9    God:
Gold:   95         SH:  0    Dex: 15    Spells: 3/3 levels left

rFire    . . .     SeeInvis .   a - +0 quarterstaff
rCold    . . .     Faith    .   (shield currently unavailable)
rNeg     . . .     Spirit   .   b - +0 leather armour
rPois    .         Reflect  .   (helmet restricted)
rElec    .         Harm     .   (no cloak)
rCorr    .         Rampage  .   (no gloves)
Will     .....                  (no boots)
Stlth    +.........             (no amulet)
HPRegen  0.11/turn              (no ring)
MPRegen  0.18/turn              (no ring)

@: no status effects
A: antennae 1, hooves 1, magic regeneration
a: no special abilities


You were on level 3 of the Dungeon.
You visited 1 branch of the dungeon, and saw 3 of its levels.

You collected 95 gold pieces.

Inventory:

Hand Weapons
 a - a +0 quarterstaff (weapon)
Missiles
 d - 3 throwing nets (quivered)
Armour
 b - a +0 leather armour (worn)
 c - a +0 helmet
Jewellery
 e - a +6 ring of dexterity
 i - an amulet of magic regeneration
Scrolls
 f - a scroll of noise {unknown}
 h - 4 scrolls of identify {unknown}
 k - 2 scrolls of torment {unknown}
 l - a scroll of teleportation {unknown}
 m - 2 scrolls of blinking {unknown}
Potions
 g - a potion of attraction {unknown}
 j - a potion of berserk rage {unknown}
 n - a potion of lignification {unknown}


   Skills:
 + Level 2.5 Fighting
 + Level 3.8 Staves
 + Level 1.8 Throwing
 + Level 1.4 Armour
 + Level 3.0 Dodging
 + Level 0.2 Stealth


You had 3 spell levels left.
You didn't know any spells.
Your spell library contained the following spells:

 Spells                   Type           Power      Damage    Failure   Level
 Iskenderun's Battlesphe  Conj           0%         2d6       100%        5
 Iron Shot                Conj/Erth      0%         9d1       100%        6
 Spellforged Servitor     Conj/Summ      0%         N/A       100%        7


Dungeon Overview and Level Annotations

Branches:
Dungeon (3/15)

Altars:

Shops:
D:2 =


Innate Abilities, Weirdness & Mutations

You have a pair of small antennae on your head.
You have large cloven feet.
You regenerate magic rapidly.


Message History

The orc closely misses you. The orc barely misses you.
You hit the orc.
You kill the orc!
The orc throws a boomerang.
The boomerang closely misses you.
You closely miss the orc priest. Your kick misses the orc priest.
The orc priest hits you with a +0 hand axe.
* * * LOW HITPOINT WARNING * * *
You barely miss the orc priest. Your kick misses the orc priest.
The orc priest hits you but does no damage.
You hit the orc priest.
The orc priest is moderately wounded.
The orc priest looks encouraged for a moment.
You hit the orc priest but do no damage.
The orc priest is moderately wounded.
The orc priest hits you with a +0 hand axe.
* * * LOW HITPOINT WARNING * * *
You closely miss the orc priest.
You kick the orc priest, but do no damage.
The orc priest is moderately wounded.
The orc priest misses you.
You closely miss the orc priest.
The orc priest is moderately wounded.
The orc priest misses you.
You barely miss the orc priest. You kick the orc priest.
The orc priest is heavily wounded.
The orc priest hits you with a +0 hand axe.
* * * LOW HITPOINT WARNING * * *
The orc priest begins to cast a cantrip, but forgets the words!
Sorry, you're not good enough to have a special ability.
You hit the orc priest.
The orc priest is almost dead.
The orc priest hits you with a +0 hand axe.
* * * LOW HITPOINT WARNING * * *
You closely miss the orc priest. Your kick misses the orc priest.
The orc priest is almost dead.
The orc priest barely misses you.
You thump the orc priest!
You kill the orc priest!
The orc throws a boomerang.
The boomerang hits you.
You die...

....# #...#...............#
....# #...#..........w....#
....#####...#...............#
........'...#...(.......#####
.....####...#.......o...##
...#.# +...#....oh........#
...#.# ##..†######{#######.#
...#.#.#....######o# +
...#.#.#........@)o#
...#.#..........####
...#.#....#####.#
####.#......# #.#
##.....###.# #.........#
#.#.#.##### #.....# ###.###


You could see 2 orcs.

Vanquished Creatures
  An orc priest (D:3)
  Terence (D:3)
  2 worms (D:2)
  A dart slug (D:2)
  An orc (D:3)
  5 bats
  6 endoplasms
  2 giant cockroaches
  5 goblins
  5 hobgoblins
  8 jackals
  5 ball pythons
  2 frilled lizards (D:2)
  7 kobolds
  7 rats
58 creatures vanquished.

Notes
Turn   | Place    | Note
-------+----------+-------------------------------------------
     0 | D:1      | khargal the Demonspawn Gladiator began the quest for the
                  | Orb.
     0 | D:1      | Reached XP level 1. HP: 16/16 MP: 1/1
   501 | D:1      | Gained mutation: You have a pair of small antennae on your
                  | head. [demonic ancestry]
   501 | D:1      | Reached XP level 2. HP: 22/22 MP: 2/2
  1263 | D:2      | Reached skill level 1 in Armour
  1272 | D:2      | Gained mutation: You regenerate magic rapidly. [demonic
                  | ancestry]
  1272 | D:2      | Reached XP level 3. HP: 19/27 MP: 3/3
  1432 | D:2      | Found a faded altar of an unknown god.
  1804 | D:2      | Found Ibbatez's Jewellery Emporium.
  2195 | D:3      | Noticed Terence
  2200 | D:3      | Killed Terence
  2201 | D:3      | Gained mutation: You have large cloven feet. [demonic
                  | ancestry]
  2201 | D:3      | Reached XP level 4. HP: 22/34 MP: 4/4
  2360 | D:3      | Hit by a boomerang thrown by an orc

Illustrated notes

Levels and vault maps discovered:
D:1:      dpeg_arrival_subterranean_lakeside_camping, layout_basic,
          minmay_3d_cube
D:2:      layout_rooms, serial_shops, nicolae_shop_crystal,
          ebering_ecumenical_altar_petrified, serial_curves, eino_curves_02,
          eino_curves_03, eino_curves_02, eino_curves_02
D:3:      layout_basic, kennysheep_generic_room_15, uniq_terence

Skill      XL: |  1  2  3 |
---------------+----------+-----
Staves         | 3 |  3.8
Armour         | 1 |  1.4
Dodging        | 3 |  3.0
Fighting       | |  2.5
Throwing       | |  1.8
Stealth        | |  0.2

Action                   |  1- 3 |  4- 6 || total
-------------------------+-------+-------++-------
Melee: Quarterstaff      |   136 |    30 ||   166
       Kick              |       |     6 ||     6
 Stab: Sleeping          |     1 |       ||     1
Armor: Leather armour    |    35 |    12 ||    47
Dodge: Dodged            |    84 |    29 ||   113
